 Dungeon Crawl Stone Soup version 0.20-a0-1122-gb7cbeb9 (webtiles) character file.

519477 Lochraine the Brawler (level 24, -6/236 HPs)
             Began as a Troll Warper on May 13, 2017.
             Was a High Priest of Fedhas.
             Killed from afar by a storm dragon (13 damage)
             ... with a bolt of lightning
             ... on level 4 of the Realm of Zot.
             The game lasted 04:17:18 (57376 turns).

Lochraine the Brawler (Troll Warper)               Turns: 57376, Time: 04:17:19

Health: -6/236     AC: 36    Str: 26    XL:     24   Next: 7%
Magic:  0/35       EV:  8    Int:  9    God:    Fedhas [*****.]
Gold:   3236       SH: 23    Dex: 17    Spells: 19/25 levels left

rFire    + + .     SeeInvis .     - Unarmed
rCold    + . .     Gourm    +   z - +5 shield {rF+}
rNeg     . . .     Faith    .   G - +0 gold dragon scales
rPois    +         Spirit   +   P - +0 hat
rElec    .         Reflect  +   u - scarf {Spirit}
rCorr    .         Harm     .   (gloves unavailable)
MR       +....                  (boots unavailable)
Stlth    ..........             F - +4 amulet of reflection
Regen    0.9/turn               w - +4 ring of protection
MPRegen  0.3/turn               K - ring of Robustness {AC+8}

@: very slightly contaminated, slowed, invisible, very slow
A: unfitting armour, claws 3, blink, fast metabolism 3, gourmand, high mp 1,
regeneration 1, shaggy fur 2, tough skin 2
}: 3/15 runes: serpentine, barnacled, abyssal
a: Blink, Fungal Bloom, Evolution, Sunlight, Growth, Reproduction, Rain,
Renounce Religion


You were on level 4 of the Realm of Zot.
You worshipped Fedhas.
Fedhas was extremely pleased with you.
You were full.

You visited 8 branches of the dungeon, and saw 44 of its levels.
You visited the Abyss 1 time.
You visited 1 bazaar.
You also visited: Labyrinth and Volcano.

You collected 4450 gold pieces.
You spent 1214 gold pieces at shops.

Inventory:

Missiles
 x - 25 poisoned javelins
 U - 4 javelins of penetration
 Y - 97 large rocks (quivered)
Armour
 u - a scarf of spirit shield (worn)
   (You found it on level 4 of the Snake Pit)
 z - a +5 shield of fire resistance (worn)
   (You acquired it on level 9 of the Dungeon)
 G - +0 gold dragon scales (worn)
   (You found it on level 3 of the Depths)
 J - a +0 large shield of protection
   (You found it on level 1 of the Depths)
 P - a +0 hat (worn)
   (You found it on level 3 of the Snake Pit)
Jewellery
 b - the ring of Ujakhlun {+Fly rF- Str+6 SInv}
   (You found it on level 1 of the Depths)

   [ring of flight]

   It affects your strength (+6).
   It makes you vulnerable to fire.
   It lets you see invisible.
   It lets you fly.
 l - an uncursed ring of protection from magic
   (You found it on level 5 of the Lair of Beasts)
 r - an uncursed ring of resist corrosion
   (You found it on level 4 of the Shoals)
 w - a +4 ring of protection (left claw)
   (You found it on level 6 of the Dungeon)
 D - an uncursed ring of protection from cold
   (You bought it in a shop in a bazaar)
 F - a +4 amulet of reflection (around neck)
   (You bought it in a shop on level 2 of the Orcish Mines)
 K - the ring of Robustness (right claw) {AC+8}
   (You found it on level 4 of the Shoals)

   [ring of protection]

   It affects your AC (+8).
 Q - an uncursed ring of ice
   (You took it off Fannar on level 11 of the Dungeon)
 V - an uncursed ring of positive energy
   (You found it on level 1 of the Lair of Beasts)
Wands
 a - a wand of scattershot (3/9)
   (You found it on level 1 of the Vaults)
 d - a wand of iceblast (4/15)
   (You found it on level 1 of the Shoals)
 f - a wand of lightning (6/15)
   (You found it on level 3 of the Vaults)
 j - a wand of clouds (3/9)
   (You found it on level 2 of the Vaults)
 t - a wand of flame (9/48)
   (You found it on level 1 of the Realm of Zot)
 v - a wand of digging (16/24)
   (You found it on level 6 of the Lair of Beasts)
 A - a wand of iceblast (3/15)
   (You found it on level 2 of the Realm of Zot)
Scrolls
 e - 15 scrolls of identify {@r1}
 g - a scroll of teleportation {@r4}
 h - 4 scrolls of immolation {!r}
 i - 3 scrolls of magic mapping
 m - 17 scrolls of remove curse {@r2}
 E - a scroll of recharging
 L - 3 scrolls of fear
 M - 2 scrolls of holy word
 X - 9 scrolls of fog
Potions
 k - 3 potions of lignification {!q}
 n - a potion of might
 p - a potion of resistance
 s - 6 potions of curing {@q1}
 B - 4 potions of magic
 N - 7 potions of flight
 O - a potion of agility
 T - a potion of mutation {!q}
Miscellaneous
 I - a lamp of fire
   (You found it on level 3 of the Shoals)
 R - a box of beasts
 S - a phantom mirror
 W - a fan of gales
   (You found it in a labyrinth)
Comestibles
 o - 26 fruits {!e}
 q - 18 bread rations


   Skills:
 - Level 13.5 Fighting
 - Level 14.7 Throwing
 - Level 15.0 Armour
 - Level 9.2 Dodging
 - Level 15.0 Shields
 - Level 20.2 Unarmed Combat
 - Level 1.2 Spellcasting
 - Level 3.0 Hexes
 - Level 1.0 Charms
 - Level 2.8 Translocations
 - Level 13.0 Invocations
 + Level 8.4 Evocations


You had 19 spell levels left.
You knew the following spells:

 Your Spells              Type           Power        Failure   Level  Hunger
a - Confusing Touch       Hex            #.....       94%         1    ##.....
b - Blink                 Tloc           N/A          99%         2    ###....
c - Apportation           Tloc           #.....       95%         1    ##.....
s - Swiftness             Chrm/Air       #.......     100%        2    ###....


Dungeon Overview and Level Annotations

Branches:
Dungeon (15/15)            Temple (0/1) D:5            Lair (6/6) D:9
 Shoals (4/4) Lair:2        Snake (4/4) Lair:2        Slime (0/5) Lair:6
    Orc (2/2) D:11            Elf (0/3) Orc:2        Vaults (4/5) D:13
  Crypt (0/3) Vaults:2     Depths (5/5) D:15            Zot (4/5) Depths:5

Altars:
Ashenzari
Cheibriados
Dithmenos
Fedhas
Gozag
Kikubaaqudgha
Makhleb
Nemelex Xobeh
Okawaru
Ru
Trog
Uskayaw
Xom
Zin
The Shining One
Beogh
Jiyva

Shops:
D:10 (   Orc:2 :*}%   Snake:2 ?   Snake:3 *   Vaults:1 }   Vaults:3 (

Portals:
Hell: Depths:1 Depths:3 Depths:4 Depths:5
Abyss: Depths:3 Depths:4
Pandemonium: Depths:3
Ziggurat: Depths:1

Annotations:
D:4 Sigmund
Lair:6 1 runed door
Depths:1 exclusions: 2 angels, daeva, downstairs and 1 more exclusion


Innate Abilities, Weirdness & Mutations

You are too large for most types of armour.
You have claws for hands.
Your metabolism is lightning-fast.
You like to eat raw meat.
Your natural rate of healing is unusually fast.
You are covered in thick fur. (AC +2)
You have very tough skin. (AC +2)
You can translocate small distances at will.
You have an increased reservoir of magic. (+10% MP)


Message History

Unknown command.
Unknown command.
You cannot teleport because you are locked down by Dimension Anchor.
Okay, then.
Okay, then.
Unknown command.
Unknown command.
The green draconian seems to regain its courage.
The red draconian begs for mercy.
The electric golem hurls lightning at you.
The bolt of lightning hits the storm dragon.
The storm dragon completely resists.
The electric golem's attack snaps the storm dragon out of its fear.
The bolt of lightning hits you!
* * * LOW HITPOINT WARNING * * *
The golden dragon bites you!
* * * LOW HITPOINT WARNING * * *
The golden dragon claws you but does no damage.
The golden dragon tramples you but does no damage.
The storm dragon roars deafeningly!
Unknown command.
Unknown command.
Unknown command.
Unknown command.
Unknown command.
Okay, then.
Okay, then.
Okay, then.
Unknown command.
Okay, then.
Unknown command.
Unknown command.
Unknown command.
Okay, then.
Unknown command.
As you read the scroll of fog, it crumbles to dust.
The scroll dissolves into smoke.
You hear a roar!
The golden dragon bites you but does no damage.
You block the golden dragon's attack.
The golden dragon tramples you but does no damage.
The storm dragon roars deafeningly!
You are no longer firmly anchored in space.
The golden dragon breathes cold at you. The bolt of cold hits you! You resist.
* * * LOW HITPOINT WARNING * * *
The storm dragon breathes lightning at you.
The bolt of lightning hits you!
You die...
Fedhas appreciates your contribution to the ecosystem.

#........#
#........#
+........+
#........#####
#............
#§§........
#§§#§#.#.#.#..
#§§@§D§.......
#§§#D#.#.#.#..
#.§§§8§.....
####§#8#.#.#
..........
.#.#.#.#.#..
#....§.8.....
# #.#.# #.#.
### ..


You could see an electric golem, a golden dragon and a storm dragon.

Vanquished Creatures
  2 juggernauts (Depths:3)
  A Killer Klown (Zot:3)
  Saint Roka (Depths:1)
  Xtahua (Vaults:3)
  6 golden dragons
  A bone dragon (Depths:5)
  Jorgrun (Shoals:2)
  4 liches
  10 tentacled monstrosities
  2 quicksilver dragons (Zot:1)
  A titan (Depths:1)
  Frances (Snake:2)
  4 death cobs
  An eldritch tentacle (Abyss:3)
  3 shadow dragons
  6 storm dragons
  3 draconian monks (Zot:1)
  Ilsuiw (Shoals:4)
  11 fire giants
  2 deep elf sorcerers
  7 nagarajas
  A balrug (Depths:2)
  6 draconian scorchers
  3 draconian knights
  Aizul (Snake:1)
  A draconian shifter (Zot:3)
  7 frost giants
  2 ghost moths
  3 spriggan defenders (Depths:3)
  10 vault wardens
  12 draconian stormcallers
  A draconian annihilator (Depths:5)
  2 entropy weavers
  12 ironheart preservers
  18 very ugly things
  A war gargoyle (Depths:1)
  2 vampire knights
  15 stone giants
  3 deep elf demonologists
  3 black draconians
  5 white draconians
  6 green draconians
  8 purple draconians
  4 red draconians
  2 yellow draconians
  3 merfolk javelineers
  A blizzard demon (Depths:3)
  6 ettins
  A minotaur (Lab)
  2 deep elf death magi
  9 fire dragons
  6 merfolk impalers
  12 great orbs of eyes
  12 vault guards
  A monstrous demonspawn (Depths:3)
  7 yaktaur captains
  A hydra (Lair:4)
  3 rakshasas
  3 deep elf high priests
  8 ice dragons
  Fannar (D:11)
  2 catoblepae
  7 anacondas
  7 spriggan air magi
  7 centaur warriors
  10 naga warriors
  2 merfolk avatars
  2 merfolk aquamancers (Shoals:4)
  23 two-headed ogres
  8 ogre magi
  An alligator snapping turtle (Shoals:4)
  3 hell hogs (Abyss:3)
  The ghost of Shinoi the Cleaver, a novice HOFi of Okawaru (D:8)
  2 satyrs (Shoals:4)
  A two-headed ogre (shapeshifter) (Depths:4)
  6 tengu warriors
  A death knight (Vaults:3)
  5 death yaks
  7 deep troll earth magi
  A vampire mage (Depths:2)
  3 thrashing horrors (Abyss:3)
  5 orc high priests (Orc:2)
  9 deep troll shamans
  2 shock serpents
  14 spriggan berserkers
  14 naga sharpshooters
  Sonja (D:11)
  4 deep elf knights
  A sun demon (Depths:2)
  2 storm dragon zombies
  12 hell knights (Depths:5)
  2 iron trolls
  A spatial maelstrom (Abyss:3)
  A sixfirhy (Abyss:3)
  3 salamander mystics
  2 skeletal warriors
  43 deep trolls
  An unseen horror (D:12)
  A wretched star (Abyss:3)
  13 sea snakes
  A shadow wraith (Vaults:4)
  5 glowing orange brains
  2 flayed ghosts
  11 ironbrand convokers
  5 naga ritualists
  23 harpies
  4 deep elf archers
  Pikel (D:7)
  A lindwurm (Lair:6)
  4 wizards
  2 phantasmal warriors
  10 mana vipers
  7 deep elf magi
  2 orb spiders (shapeshifter)
  2 wolf spiders (Vaults:4)
  4 orc sorcerers
  3 necromancers
  39 ugly things
  18 orc knights
  7 cyclopes
  12 slime creatures
  2 tengu skeletons (Vaults:4)
  15 fauns
  A faun (shapeshifter) (D:13)
  2 frost giant zombies (Vaults:4)
  14 elephants
  10 manticores
  2 centaur zombies
  3 guardian serpents
  10 moths of wrath
  A stone giant skeleton (Vaults:1)
  Maurice (D:8)
  18 salamanders
  16 vault sentinels
  41 black mambas
  14 naga magi
  7 rust devils
  6 water nymphs
  A guardian serpent (shapeshifter) (Vaults:1)
  3 merfolk sirens
  2 smoke demons (Abyss:3)
  4 large abominations (Abyss:3)
  A spiny frog (shapeshifter) (Vaults:3)
  6 spiny frogs
  4 centaur skeletons
  2 rime drakes (Lair:5)
  6 freezing wraiths
  41 yaktaurs
  2 kobold demonologists
  2 yaktaur zombies
  An efreet (Depths:2)
  An ice devil (Depths:3)
  7 komodo dragons
  6 trolls
  14 merfolk
  A yaktaur (shapeshifter) (D:14)
  A jumping spider (Vaults:4)
  A merfolk (shapeshifter) (Vaults:2)
  3 red devils
  A troll (shapeshifter) (Vaults:4)
  2 polar bears
  2 meliai (shapeshifter)
  6 tengu conjurers
  11 hornets
  Grinder (D:3)
  4 wind drakes
  15 hippogriffs
  17 blink frogs
  A dream sheep (shapeshifter) (Vaults:2)
  8 dream sheep
  10 snapping turtles
  7 redbacks
  A ynoxinul (Depths:3)
  A starcursed mass (Abyss:3)
  15 water elementals
  A vampire (D:12)
  2 yaks (shapeshifter)
  7 basilisks
  12 spriggans
  A tarantella (Vaults:3)
  23 yaks
  6 air elementals
  2 wyverns
  4 wraiths
  4 small abominations (Abyss:3)
  A neqoxec (Abyss:3)
  A tarantella (shapeshifter) (Vaults:2)
  2 humans (shapeshifter)
  2 basilisks (shapeshifter)
  A golden eye (shapeshifter) (Vaults:4)
  A chaos spawn (Abyss:3)
  A human simulacrum (Vaults:4)
  4 wargs
  A yaktaur simulacrum (Vaults:1)
  7 vampire mosquitoes
  56 nagas
  4 acid dragons
  2 hungry ghosts
  An acid dragon (shapeshifter) (Vaults:3)
  An ogre zombie (Vaults:1)
  15 water moccasins
  8 wandering mushrooms
  A deep troll skeleton (Vaults:4)
  Duvessa (D:7)
  9 porcupines
  4 hell hounds
  4 sky beasts
  59 orc warriors
  6 ice beasts
  4 black bears
  A hornet zombie (D:13)
  2 necrophages
  27 ogres
  5 phantoms
  3 boggarts (Vaults:2)
  16 wolves
  14 centaurs
  9 crocodiles
  9 big kobolds
  15 bullfrogs
  A gnoll sergeant (D:7)
  2 wyvern zombies
  2 wyvern skeletons
  A scorpion (D:4)
  Dowan (D:7)
  10 wights
  11 killer bees
  2 howler monkeys
  6 electric eels
  8 crimson imps
  4 bullfrog zombies
  A quasit (D:7)
  5 lava snakes (Lair:6)
  4 bullfrog skeletons (D:12)
  8 hounds
  42 orc priests
  A jelly (D:11)
  31 orc wizards
  An iron imp (Abyss:3)
  9 iguanas
  12 human skeletons (Vaults:3)
  6 worker ants
  A hound zombie (D:10)
  3 hound skeletons
  A howler monkey zombie (D:9)
  Robin (D:2)
  3 gnolls (D:7)
  14 adders
  5 shadow imps
  An adder skeleton (D:4)
  An adder zombie (D:9)
  4 worms
  A dart slug (D:2)
  4 leopard geckos
  89 orcs
  2 ball pythons
  5 bats
  5 giant cockroaches
  11 goblins
  11 hobgoblins
  8 kobolds
  6 quokkas
  A frilled lizard (D:5)
  A jackal skeleton (D:9)
  A leopard gecko skeleton (D:4)
  6 rats
  2 ballistomycetes
  5 ballistomycete spores
  A hyperactive ballistomycete (Depths:3)
  5 toadstools
1765 creatures vanquished.

Vanquished Creatures (collateral kills)
  An orb of fire (Zot:1)
  Bai Suzhen (Vaults:3)
  Jory (Vaults:3)
  A death cob (Zot:1)
  A storm dragon (Vaults:3)
  A draconian monk (Zot:1)
  A vault warden (Vaults:3)
  A draconian stormcaller (Zot:1)
  3 ironheart preservers
  A stone giant (Vaults:2)
  2 very ugly things (Vaults:3)
  A black draconian (Zot:1)
  A deep elf death mage (Vaults:2)
  2 merfolk impalers (Shoals:4)
  Josephine (Lair:6)
  An ice dragon (Vaults:2)
  5 hydras
  A catoblepas (Lair:6)
  5 death yaks
  3 merfolk aquamancers
  An anaconda (Snake:2)
  2 naga warriors (Snake:2)
  A merfolk avatar (Shoals:3)
  An ogre mage (Vaults:3)
  6 two-headed ogres
  A tengu warrior (Depths:1)
  Nergalle (D:11)
  A deep elf knight (Vaults:2)
  A shadow wraith (Vaults:2)
  An unseen horror (D:11)
  2 sea snakes
  3 harpies (Vaults:3)
  3 ironbrand convokers (Vaults:3)
  3 orc knights
  3 ugly things
  A moth of wrath (Zot:1)
  5 fauns
  A manticore (D:13)
  2 black mambas (Lair:2)
  3 merfolk sirens
  3 naga magi
  An elephant (Lair:6)
  A water nymph (Shoals:2)
  3 molten gargoyles (Lair:6)
  A spiny frog (Lair:6)
  3 komodo dragons
  4 merfolk
  A troll (D:9)
  2 tengu conjurers (D:15)
  3 slime creatures
  2 dream sheep
  A snapping turtle (Shoals:2)
  2 hippogriffs
  6 blink frogs
  3 redbacks (Depths:1)
  7 yaks
  4 wyverns
  5 wraiths
  2 basilisks
  A steam dragon (Lair:6)
  2 wargs
  6 nagas
  5 water moccasins
  2 hell hounds (Lair:6)
  A porcupine (D:9)
  A phantom (D:9)
  7 orc warriors
  A boggart (Vaults:3)
  3 wolves
  3 ogres
  A centaur (D:11)
  A crocodile (shapeshifter) (Vaults:3)
  4 crocodiles
  3 bullfrogs
  A killer bee (D:9)
  A wight (D:11)
  A howler monkey (D:11)
  2 electric eels
  A bullfrog zombie (D:11)
  8 orc priests
  3 orc wizards
  2 gnolls (D:7)
  2 adders (Lair:2)
  23 orcs
  A quokka (D:9)
  7 ballistomycete spores
223 creatures vanquished.

Vanquished Creatures (others)
  An eldritch tentacle (Depths:4)
  3 stone giants
  2 merfolk javelineers
  A yaktaur captain (Depths:3)
  A merfolk aquamancer (Shoals:4)
  4 satyrs
  A hell hog (Abyss:3)
  A spriggan berserker (Depths:2)
  3 naga sharpshooters
  A shadow wraith (Vaults:4)
  A deep elf archer (Vaults:4)
  A necromancer (Vaults:3)
  8 oklob plants
  4 fauns
  A salamander (Snake:2)
  A water nymph (Shoals:2)
  A centaur skeleton (D:15)
  7 yaktaurs
  2 merfolk
  A naga (Snake:3)
  An ettin simulacrum (Depths:2)
  A slave (D:9)
  A boggart (Vaults:2)
  A centaur (Shoals:2)
  A jelly (D:9)
  An orc wizard (D:9)
  3 orcs (D:9)
  99 wandering mushrooms
  17 ballistomycetes
  5 ballistomycete spores
  17 fungi
  A hyperactive ballistomycete (Orc:2)
  2 lurking horrors (Abyss:3)
  55 plants
  3 starspawn tentacles (Abyss:3)
  8 tentacles (Shoals:3)
  933 toadstools
  A withered plant (Shoals:4)
1195 creatures vanquished.

Grand Total: 3183 creatures vanquished

Notes
Turn   | Place    | Note
-------+----------+-------------------------------------------
     0 | D:1      | Lochraine the Troll Warper began the quest for the Orb.
     0 | D:1      | Reached XP level 1. HP: 19/19 MP: 1/1
   183 | D:1      | Reached XP level 2. HP: 22/28 MP: 2/2
   744 | D:2      | Reached skill level 3 in Unarmed Combat
   846 | D:2      | Reached XP level 3. HP: 30/35 MP: 3/3
  1124 | D:2      | Found a blossoming altar of Fedhas.
  1144 | D:2      | Became a worshipper of Fedhas Madash
  1150 | D:2      | Noticed an oklob plant
  1262 | D:3      | Noticed Robin
  1285 | D:2      | Killed Robin
  1330 | D:3      | Reached XP level 4. HP: 42/42 MP: 4/4
  1404 | D:3      | Found a shattered altar of Ashenzari.
  1437 | D:3      | Noticed Grinder
  1514 | D:3      | Found a bloodstained altar of Trog.
  1595 | D:3      | Paralysed by Grinder for 5 turns
  1753 | D:3      | Paralysed by Grinder for 3 turns
  1779 | D:3      | Paralysed by Grinder for 2 turns
  1783 | D:3      | Paralysed by Grinder for 4 turns
  1788 | D:3      | Killed Grinder
  1788 | D:3      | Reached skill level 4 in Unarmed Combat
  1788 | D:3      | Reached XP level 5. HP: 51/52 MP: 5/5
  1788 | D:3      | Reached XP level 6. HP: 57/59 MP: 6/6
  2053 | D:4      | Reached skill level 5 in Unarmed Combat
  2077 | D:4      | Found a shadowy altar of Dithmenos.
  2078 | D:4      | Noticed Sigmund
  2348 | D:4      | Noticed a dagger
  2349 | D:4      | Found a hide-covered altar of Uskayaw.
  2349 | D:4      | Noticed a dagger
  2563 | D:5      | Entered Level 5 of the Dungeon
  2630 | D:5      | Reached XP level 7. HP: 21/67 MP: 7/7
  2755 | D:5      | Reached skill level 6 in Unarmed Combat
  2913 | D:5      | Found a glowing golden altar of the Shining One.
  3010 | D:5      | Found a staircase to the Ecumenical Temple.
  3379 | D:6      | Reached XP level 8. HP: 48/78 MP: 8/8
  3716 | D:6      | Reached skill level 7 in Unarmed Combat
  3856 | D:6      | Reached * piety under Fedhas
  4107 | D:7      | Noticed Dowan
  4112 | D:7      | Noticed Duvessa
  4124 | D:7      | Killed Dowan
  4124 | D:7      | Reached skill level 1 in Invocations
  4133 | D:7      | Killed Duvessa
  4271 | D:7      | Found an opulent altar of Gozag.
  4272 | D:7      | Found a glowing golden altar of the Shining One.
  4403 | D:7      | Reached skill level 5 in Dodging
  4403 | D:7      | Reached skill level 8 in Unarmed Combat
  4495 | D:7      | Reached XP level 9. HP: 86/87 MP: 9/9
  4512 | D:7      | Found a sacrificial altar of Ru.
  4553 | D:7      | Noticed Pikel
  4565 | D:7      | Killed Pikel
  4565 | D:7      | Reached skill level 5 in Fighting
  4851 | D:8      | Noticed Shinoi's ghost (novice HOFi)
  4870 | D:8      | Killed Shinoi's ghost
  4870 | D:8      | Reached skill level 9 in Unarmed Combat
  5470 | D:8      | Noticed a two-headed ogre
  5485 | D:8      | Killed a two-headed ogre
  5485 | D:8      | Reached XP level 10. HP: 57/98 MP: 10/12
  5490 | D:8      | Noticed Maurice
  5509 | D:8      | Killed Maurice
  5509 | D:8      | Reached skill level 10 in Unarmed Combat
  5962 | D:9      | Found a staircase to the Lair.
  6115 | D:9      | Identified a scroll of acquirement
  6195 | D:9      | Reached skill level 5 in Invocations
  6285 | D:9      | Reached skill level 1 in Shields
  6838 | D:10     | Entered Level 10 of the Dungeon
  7169 | D:10     | Found Qenar's Weapon Emporium.
  7586 | D:11     | Noticed Fannar
  7588 | D:11     | Noticed Nergalle
  7605 | D:11     | Killed Nergalle
  7605 | D:11     | Reached XP level 11. HP: 107/107 MP: 11/14
  7607 | D:11     | Killed Fannar
  7607 | D:11     | Reached skill level 11 in Unarmed Combat
  7949 | D:11     | Found a labyrinth entrance.
  7954 | D:11     | Found a staircase to the Orcish Mines.
  7965 | Lab      | Entered a labyrinth
  8478 | Lab      | Noticed a minotaur
  8493 | Lab      | Killed a minotaur
  8495 | Lab      | Got a steaming glaive {flame}
  8591 | D:11     | Noticed a cyan ugly thing
  8611 | D:11     | Killed a cyan ugly thing
  8842 | D:11     | Killed an unseen horror
  8891 | D:11     | Noticed Sonja
  8906 | D:11     | Killed Sonja
  9140 | Lair:1   | Entered Level 1 of the Lair of Beasts
  9166 | Lair:1   | Found an ancient bone altar of Kikubaaqudgha.
  9316 | Lair:1   | Noticed a seven-headed hydra
  9329 | Lair:1   | Killed a seven-headed hydra
 10200 | Lair:2   | Found a staircase to the Snake Pit.
 10246 | Lair:2   | Reached skill level 5 in Shields
 10246 | Lair:2   | Reached skill level 12 in Unarmed Combat
 10329 | Lair:2   | Reached XP level 12. HP: 109/118 MP: 15/15
 10560 | Lair:2   | Found a staircase to the Shoals.
 11096 | Lair:3   | Found a dark tunnel.
 11134 | Volcano  | Entered a volcano
 11150 | Volcano  | Noticed a centaur warrior
 11157 | Volcano  | Found a radiant altar of Vehumet.
 11560 | Lair:3   | Learned a level 2 spell: Blink
 12297 | Lair:4   | Noticed a four-headed hydra
 12315 | Lair:4   | Killed a four-headed hydra
 12415 | Lair:4   | Noticed a death yak
 12417 | Lair:4   | Noticed a death yak
 12417 | Lair:4   | Noticed a death yak
 12430 | Lair:4   | Noticed a death yak
 12453 | Lair:4   | Killed a death yak
 12456 | Lair:4   | Killed a death yak
 12463 | Lair:4   | Killed a death yak
 12465 | Lair:4   | Killed a death yak
 12733 | Lair:4   | Reached skill level 13 in Unarmed Combat
 12942 | Lair:4   | Noticed a five-headed hydra
 12952 | Lair:4   | Killed a five-headed hydra
 13251 | Lair:5   | Noticed a catoblepas
 13269 | Lair:5   | Killed a catoblepas
 13348 | Lair:5   | Reached XP level 13. HP: 122/127 MP: 17/17
 13798 | Lair:5   | Got a twisted spear
 13803 | Lair:5   | Identified the cursed +1 spear "Fesav" {pain, rElec Str+5} (You found it on level 5 of the Lair of Beasts)
 14242 | Lair:5   | Reached ** piety under Fedhas
 14682 | Lair:6   | Entered Level 6 of the Lair of Beasts
 15302 | Lair:6   | Found a runed door.
 15306 | Lair:6   | Found a viscous altar of Jiyva.
 15329 | Lair:6   | Found a staircase to the Slime Pits.
 15487 | Lair:6   | Reached skill level 14 in Unarmed Combat
 15544 | Lair:6   | Killed Josephine
 15608 | Lair:6   | Noticed a fire dragon
 15790 | Lair:6   | Found a snail-covered altar of Cheibriados.
 16075 | Lair:6   | Reached XP level 14. HP: 125/140 MP: 19/19
 16180 | Lair:6   | Found a large runed door.
 16183 | Lair:6   | Found a large runed door.
 16447 | Lair:6   | Got a steaming long sword
 16450 | Lair:6   | Identified the +7 long sword "Labiet" {protect, *Slow rPois rC+ Str+6} (You found it on level 6 of the Lair of Beasts)
 17413 | D:12     | Learned a level 2 spell: Swiftness
 17541 | D:12     | Reached skill level 1 in Armour
 18284 | D:13     | Found a gate to the Vaults.
 19607 | D:14     | Reached skill level 5 in Armour
 19641 | D:14     | Learned a level 1 spell: Apportation
 19643 | D:14     | Learned a level 1 spell: Confusing Touch
 19670 | D:14     | Found an iron altar of Okawaru.
 19672 | D:14     | Found a shimmering altar of Xom.
 19672 | D:14     | Found a shimmering altar of Xom.
 19674 | D:14     | Found an iron altar of Okawaru.
 19674 | D:14     | Found a burning altar of Makhleb.
 19674 | D:14     | Found a sparkling altar of Nemelex Xobeh.
 19750 | D:15     | Entered Level 15 of the Dungeon
 20218 | D:15     | Reached skill level 1 in Hexes
 20238 | D:15     | Reached skill level 1 in Charms
 20281 | D:15     | Reached XP level 15. HP: 148/149 MP: 20/20
 20531 | D:15     | Noticed a frost giant
 20547 | D:15     | HP: 6/149 [frost giant/bolt of cold (36)]
 20760 | D:15     | Killed a frost giant
 20760 | D:15     | Reached skill level 1 in Evocations
 20890 | D:15     | Found a staircase to the Depths.
 21120 | Orc:1    | Entered Level 1 of the Orcish Mines
 21309 | Orc:2    | Entered Level 2 of the Orcish Mines
 21345 | Orc:2    | Found a staircase to the Elven Halls.
 21572 | Orc:1    | Reached *** piety under Fedhas
 21663 | Orc:1    | Found a roughly hewn altar of Beogh.
 21869 | Orc:1    | Found a runed door.
 21950 | Orc:1    | Reached skill level 1 in Throwing
 21987 | Orc:1    | Found a roughly hewn altar of Beogh.
 22388 | Orc:2    | Reached **** piety under Fedhas
 22504 | Orc:2    | HP: 2/149 [something[the player character] (35)]
 23463 | Orc:2    | Found Soatuog's Food Boutique.
 23465 | Orc:2    | Found Tiepohoss's Gadget Shop.
 23468 | Orc:2    | Found Ujeich's General Store.
 23469 | Orc:2    | Found Lirrican's Book Boutique.
 23744 | Orc:2    | Bought a +4 amulet of reflection for 378 gold pieces
 23977 | Shoals:1 | Entered Level 1 of the Shoals
 24279 | Shoals:1 | Reached skill level 10 in Invocations
 24511 | Shoals:1 | You fall through a shaft!
 24511 | Shoals:2 | Noticed Jorgrun
 24524 | Shoals:2 | Killed Jorgrun
 24612 | Shoals:2 | Reached skill level 15 in Unarmed Combat
 24730 | Shoals:1 | Reached skill level 10 in Fighting
 25095 | Shoals:2 | Reached XP level 16. HP: 112/158 MP: 22/22
 27173 | Shoals:3 | Noticed a kraken
 27561 | Shoals:4 | Entered Level 4 of the Shoals
 27575 | Shoals:4 | Reached skill level 5 in Throwing
 28482 | Shoals:4 | Got a barnacled rune of Zot
 28500 | Shoals:4 | Noticed Ilsuiw
 29111 | Shoals:4 | Killed Ilsuiw
 29724 | Snake:1  | Entered Level 1 of the Snake Pit
 29724 | Snake:1  | Noticed Aizul
 29742 | Snake:1  | Killed Aizul
 29971 | Snake:1  | Reached XP level 17. HP: 161/170 MP: 23/23
 30495 | Snake:1  | Reached skill level 16 in Unarmed Combat
 31189 | Snake:2  | Noticed Frances
 31207 | Snake:2  | Killed Frances
 31432 | Snake:2  | Found Ydymif's Magic Scroll Shoppe.
 31435 | Snake:2  | Bought a scroll of enchant armour for 127 gold pieces
 32268 | Snake:3  | Found a glowing golden altar of the Shining One.
 32396 | Snake:3  | Got a silken robe
 32428 | Snake:3  | Found Neinn's Assorted Antiques.
 32432 | Snake:3  | Bought a scroll labeled SAYSUN FAMIH for 39 gold pieces
 32432 | Snake:3  | Bought a scroll labeled VUESOSEHIE for 39 gold pieces
 32432 | Snake:3  | Bought a bubbling golden potion for 35 gold pieces
 32432 | Snake:3  | Bought a scroll of teleportation for 117 gold pieces
 32445 | Snake:3  | Identified the +0 robe "Ixziakke" {Regen+} (You took it off a naga sharpshooter on level 3 of the Snake Pit)
 32559 | Snake:3  | Reached skill level 10 in Armour
 33077 | Snake:4  | Entered Level 4 of the Snake Pit
 34239 | Snake:4  | Reached skill level 10 in Throwing
 34575 | Snake:4  | Reached XP level 18. HP: 179/179 MP: 23/25
 34598 | Snake:4  | Reached ***** piety under Fedhas
 35494 | Snake:4  | Got a serpentine rune of Zot
 35882 | Vaults:1 | Entered Level 1 of the Vaults
 35882 | Vaults:1 | Found Suugimum's Gadget Shop.
 36366 | Orc:2    | Bought a potion of heal wounds for 70 gold pieces
 37123 | Vaults:1 | Paralysed by a great orb of eyes for 7 turns
 38407 | Vaults:2 | Found a staircase to the Crypt.
 38760 | Vaults:2 | Reached XP level 19. HP: 156/189 MP: 19/26
 39091 | Vaults:2 | Reached skill level 17 in Unarmed Combat
 39607 | Vaults:3 | Noticed Xtahua
 39623 | Vaults:3 | Killed Xtahua
 39673 | Vaults:3 | Found Vulutzos's Weapon Shoppe.
 39730 | Vaults:3 | Noticed Jory
 40559 | Vaults:3 | Killed Jory
 41297 | Vaults:3 | Noticed Bai Suzhen
 41363 | Vaults:3 | Killed Bai Suzhen
 42343 | Vaults:3 | Reached XP level 20. HP: 179/201 MP: 26/28
 44436 | Depths:1 | Entered Level 1 of the Depths
 44522 | Depths:1 | Found a gateway to Hell.
 44545 | Depths:1 | Found a gateway to a ziggurat.
 44573 | Depths:1 | Found a flickering gateway to a bazaar.
 44582 | Bazaar   | Entered a bazaar
 44747 | Bazaar   | Found Ryhoab's Magic Scroll Emporium.
 44749 | Bazaar   | Found Cag Zul's Jewellery Boutique.
 44755 | Bazaar   | Bought a scroll of blinking for 67 gold pieces
 44785 | Bazaar   | Found Hima's Assorted Antiques.
 44793 | Bazaar   | Bought a scroll of teleportation for 54 gold pieces
 44793 | Bazaar   | Bought a scroll of magic mapping for 63 gold pieces
 44793 | Bazaar   | Found Ystraothy's Jewellery Shop.
 44801 | Bazaar   | Bought an uncursed ring of protection from cold for 225 gold pieces
 45278 | Depths:1 | Found a runed door.
 45333 | Depths:1 | Noticed Saint Roka
 45357 | Depths:1 | Killed Saint Roka
 45860 | Depths:1 | Reached skill level 18 in Unarmed Combat
 46159 | Depths:2 | Found a glowing silver altar of Zin.
 46627 | Depths:1 | Got an ancient copper ring
 46628 | Depths:1 | Identified the ring of Ujakhlun {+Fly rF- Str+6 SInv} (You found it on level 1 of the Depths)
 46699 | Depths:1 | Got a translucent jade ring
 46700 | Depths:1 | Identified the ring of Utroywn {Wiz rElec Dex+5} (You found it on level 1 of the Depths)
 46974 | Depths:2 | Reached XP level 21. HP: 179/211 MP: 23/29
 47047 | Depths:2 | Paralysed by a great orb of eyes for 5 turns
 47048 | Depths:2 | Found a shadowy altar of Dithmenos.
 47391 | Depths:2 | Noticed a golden dragon
 47881 | Depths:3 | Reached skill level 10 in Shields
 47946 | Depths:3 | Noticed a golden dragon
 47947 | Depths:3 | Noticed a juggernaut
 47959 | Depths:3 | Noticed a golden dragon
 47960 | Depths:3 | Noticed a juggernaut
 47975 | Depths:3 | Killed a juggernaut
 47979 | Depths:3 | Killed a golden dragon
 47987 | Depths:3 | Killed a juggernaut
 47997 | Depths:3 | Killed a golden dragon
 48155 | Depths:3 | Got a thick robe
 48189 | Depths:3 | Identified the +1 robe "Wuygofuqi" {Dex+2} (You took it off a spriggan rider on level 3 of the Depths)
 48638 | Depths:3 | Reached skill level 19 in Unarmed Combat
 48804 | Depths:3 | Found a one-way gate leading to the halls of Pandemonium.
 48938 | Depths:3 | Found a one-way gate to the infinite horrors of the Abyss.
 49498 | Depths:4 | Reached XP level 22. HP: 190/221 MP: 25/30
 50759 | Depths:5 | Entered Level 5 of the Depths
 52683 | Depths:5 | Reached skill level 20 in Unarmed Combat
 52696 | Depths:5 | Noticed a golden dragon
 52722 | Depths:5 | Killed a golden dragon
 52954 | Depths:5 | Paralysed by a great orb of eyes for 2 turns
 53193 | Depths:5 | Found a gate to the Realm of Zot.
 53428 | Depths:4 | Voluntarily entered the Abyss.
 53428 | Abyss:1  | Found a deep blue altar of Sif Muna.
 53437 | Abyss:2  | Found a corrupted altar of Lugonu.
 53511 | Abyss:3  | Found a corrupted altar of Lugonu.
 53897 | Abyss:3  | Reached XP level 23. HP: 196/228 MP: 0/31
 53938 | Abyss:3  | Found a corrupted altar of Lugonu.
 53962 | Abyss:3  | Reached skill level 15 in Shields
 53979 | Abyss:3  | Paralysed by accursed screaming for 1 turns
 53982 | Abyss:3  | Got an abyssal rune of Zot
 53995 | Depths:4 | Escaped the Abyss
 54296 | Zot:1    | Entered Level 1 of the Realm of Zot
 55588 | Zot:1    | Noticed an orb of fire
 55596 | Zot:1    | Gained mutation: You are dopey. (Int -2) [an orb of fire]
 55610 | Zot:1    | Gained mutation: You tend to lose your temper in combat. [an orb of fire]
 55616 | Zot:1    | Gained mutation: Your spells are a little easier to cast, but a little less powerful. [an orb of fire]
 55621 | Zot:1    | Killed an orb of fire
 56620 | Zot:1    | Reached skill level 15 in Armour
 56875 | Zot:1    | Reached skill level 5 in Evocations
 57012 | Zot:1    | Lost mutation: You are dopey. (Int -2) [potion of mutation]
 57012 | Zot:1    | Lost mutation: You tend to lose your temper in combat. [potion of mutation]
 57012 | Zot:1    | Lost mutation: Your spells are a little easier to cast, but a little less powerful. [potion of mutation]
 57012 | Zot:1    | Gained mutation: You can translocate small distances at will. [potion of mutation]
 57012 | Zot:1    | Gained mutation: You have an increased reservoir of magic. (+10% MP) [potion of mutation]
 57012 | Zot:1    | Gained mutation: You are covered in thick fur. (AC +2) [potion of mutation]
 57331 | Zot:3    | Noticed a Killer Klown
 57361 | Zot:3    | Reached XP level 24. HP: 83/232 MP: 17/35
 57376 | Zot:4    | HP: 7/236 [golden dragon/bolt of cold (11)]
 57376 | Zot:4    | Killed from afar by a storm dragon

Vault maps used:
D:1:      evilmike_arrival_plus
D:2:      first_bread, tgw_fedhas
D:3:      overflow_temple_1_default, corexii_leaking_fountain,
          trog_three_pillars_becter, uniq_grinder, uniq_robin
D:4:      dancing_weapons_uskayaw, nicolae_dithmenos_shadow_blocks,
          kennysheep_generic_room_3, uniq_sigmund
D:5:      minmay_temple_entry_large_hall, basic_altar, minmay_crossroads
D:7:      lemuel_coloured_pillars_altar,
          chequers_temple_overflow_statue_of_worship, the_bakery, uniq_pikel,
          uniq_duvessa
D:8:      uniq_maurice
D:9:      due_lair_maze_entry_diamond
D:10:     serial_shops, shop, minmay_crystal_water, kennysheep_doodads
D:11:     lab_entry_generic, serial_bayou_lake_a, uniq_sonja, uniq_nergalle,
          uniq_fannar
D:13:     lightli_vaults_fourway_checkpoint
D:14:     serial_bayou_pond_d, doesnt_xom_only_xom
D:15:     grunt_enter_depths_snipers, minmay_strange_pillars
Lair:1:   basic_altar, hangedman_lair_unloving_vines, minivault_24,
          serial_bayou_shore_b
Lair:2:   shoals_dummy_entry, minmay_snake_entry_six_corridors,
          lemuel_fruit_tree
Lair:3:   nicolae_volcano_entry_two_sided, st_stairs_11
Lair:5:   forest_entry_grove, minmay_lair_oklob_chamber
Lair:6:   cheibrodos_lair_end_hotspot, slime_altar_2, basic_altar,
          nicolae_lair_grove_arrangements, uniq_josephine
Shoals:2: uniq_jorgrun
Shoals:4: shoals_end_grunt_garden, shoals_ilsuiw_alternative,
          argonaut_gorgonesque
Snake:1:  uniq_aizul
Snake:2:  serial_bayou_shore_a, minmay_shop_star, uniq_frances
Snake:3:  basic_altar, minmay_shop_grid_forest
Snake:4:  minmay_snake_end_coiled
Orc:1:    basic_altar, lightli_church_of_beogh
Orc:2:    st_orc_pillars
Vaults:1: v_misc_3, grunt_vaults_focal, vaults_mumra_minichess_inversion,
          nicolae_vaults_network_star, nicolae_vaults_angled_halls,
          ontoclasm_vaults_misaligned, nicolae_vaults_network_s,
          vaults_dpeg_hooks, vaults_room_stairs_pillars, serial_shops, shop
Vaults:2: grunt_vaults_swirl, grunt_vaults_hallway_long,
          nicolae_vaults_quadrants, hangedman_vaults_slice,
          ontoclasm_vaults_gateway, nicolae_vaults_ring_of_whatevers,
          dummy_crypt_entry
Vaults:3: dpeg_vaults_monster_row, hangedman_vaults_cutoff,
          hangedman_vaults_hat, v_misc_11, nicolae_vaults_triangles,
          nicolae_vaults_little_squares_3, dpeg_vaults_monster_box,
          nicolae_vaults_theta, dpeg_vaults_waves, vaults_room_semicircle,
          serial_shops, shop, uniq_xtahua, uniq_jory, uniq_bai_suzhen
Vaults:4: nicolae_vaults_border_crossing, v_misc_4,
          nicolae_vaults_specimen_jars, v_misc_14,
          nicolae_vaults_know_your_exits, stair_cage_open,
          ontoclasm_vaults_shuriken, nicolae_vaults_big_ls, vaults_room_corners,
          v_pattern_5, serial_ice_m, v_misc_11, v_misc_16, vaults_room_hallway
Depths:1: enter_ziggurat_c, serial_shops, bzr_entry_customers,
          pf_vacation_house_of_asmodeus, corexii_corridor_pit,
          grunt_decor_fettered, minmay_misc_feat_cross, st_stairs_14,
          grunt_ministairs_2, spider_trap, minmay_st_funbox,
          minmay_misc_feat_tiny, lemuel_flame_loot_1, uniq_saint_roka
Depths:2: grunt_profane_halls, pan_entry, hell_entry
Depths:3: grunt_arcs, abyss_entry_small_statue_room, hell_entry,
          rand_demon_pan_entry_9, small_statue_intersection
Depths:4: cheibrodos_quadrivalence, hell_entry, abyss_entry,
          hangedman_decor_push, infiniplex_staircase_zigzag_2
Depths:5: grunt_zot_entry_hairpin, hell_entry
Zot:1:    lemuel_draconian_sentries, st_stairs_3, grunt_ministairs_13
Zot:2:    st_single_dragon_hoard_4
Zot:3:    zot_minivault_1
Zot:4:    st_stairs_9
Abyss:2:  abyss_greek_temple
Abyss:3:  gammafunk_abyss_rune_reverse_zot, due_exit_kobolds
Lab:      labyrinth_skeletal_remains
Bazaar:   bazaar_jpeg_ribbon
Volcano:  kennysheep_volcano_temple

Skill      XL: |  1  2  3  4  5  6  7  8  9 10 11 12 13 14 15 16 17 18 19 20 21 22 23 24 |
---------------+-------------------------------------------------------------------------+-----
Dodging        | 2 3 4 5 6 7 8 9 |  9.2
Unarmed Combat | 3 4 5 6 8 9 10 12 13 14 15 16 17 18 19 20 | 20.2
Fighting       | 2 3 4 5 6 7 8 9 10 11 12 13 | 13.5
Invocations    | 2 4 5 6 7 8 9 10 11 12 13 | 13.0
Shields        | 2 5 7 8 9 12 14 15 | 15.0
Armour         | 5 8 9 10 11 12 15 | 15.0
Hexes          | 1 3 |  3.0
Charms         | 1 |  1.0
Evocations     | 3 7 8 |  8.4
Throwing       | 2 7 10 11 13 14 | 14.7
Spellcasting   | |  1.2
Translocations | |  2.8

Action                   |  1- 3 |  4- 6 |  7- 9 | 10-12 | 13-15 | 16-18 | 19-21 | 22-24 || total
-------------------------+-------+-------+-------+-------+-------+-------+-------+-------++-------
Melee: Unarmed           |   135 |   117 |   253 |   639 |  1575 |  1676 |  1787 |  1347 ||  7529
       Punch             |       |     1 |    10 |     8 |       |       |       |       ||    19
       Whip              |       |       |       |     7 |     9 |       |       |       ||    16
Throw: Tomahawk          |     1 |     4 |     3 |       |     7 |   172 |     2 |       ||   189
       Stone             |       |     4 |     6 |       |       |       |       |       ||    10
       Large rock        |       |       |       |       |     2 |     1 |    37 |    16 ||    56
       Javelin           |       |       |       |       |       |   157 |   151 |    39 ||   347
 Cast: Confusing Touch   |       |       |       |       |     1 |       |       |       ||     1
Invok: Fungal Bloom      |     2 |     5 |    10 |    43 |    55 |    39 |    39 |    19 ||   212
       Evolution         |       |       |     2 |    14 |    37 |    37 |    23 |    17 ||   130
       Reproduction      |       |       |       |       |     1 |     3 |     1 |       ||     5
       Sunlight          |       |       |       |       |       |     2 |       |       ||     2
       Growth            |       |       |       |       |       |       |     1 |     1 ||     2
 Abil: Evoke Invisibilit |       |       |       |       |       |     1 |       |       ||     1
Evoke: Wand              |       |       |     5 |    16 |    19 |     7 |    14 |    19 ||    80
       Lamp of fire      |       |       |       |       |       |     2 |       |     3 ||     5
       Box of beasts     |       |       |       |       |       |     1 |     1 |     1 ||     3
       Phantom mirror    |       |       |       |       |       |       |       |     1 ||     1
  Use: Scroll            |       |     5 |     5 |    18 |    19 |    15 |    21 |    19 ||   102
       Potion            |       |     2 |     2 |     4 |    11 |     9 |     7 |    14 ||    49
 Stab: Sleeping          |     1 |       |       |     1 |       |       |       |       ||     2
       Confused          |       |       |     2 |     9 |    20 |    13 |    13 |     3 ||    60
       Distracted        |       |       |     2 |     4 |     9 |     2 |     4 |     1 ||    22
       Invisible         |       |       |       |       |     2 |       |       |       ||     2
       Fleeing           |       |       |       |       |       |       |       |     1 ||     1
  Eat: Chunk             |    16 |     2 |    14 |    61 |   101 |    89 |    80 |    53 ||   416
       Royal jelly       |       |     1 |     2 |       |     3 |     6 |     2 |     1 ||    15
       Meat ration       |       |       |     3 |     2 |     1 |     6 |     1 |       ||    13
       Bread ration      |       |       |       |     1 |       |       |     3 |     3 ||     7
Armor: Robe              |    43 |    27 |    69 |    30 |       |       |       |       ||   169
       Skin              |       |     2 |    12 |       |       |       |       |       ||    14
       Troll leather arm |       |       |       |   138 |    65 |       |       |       ||   203
       Fire dragon scale |       |       |       |       |   337 |   420 |    68 |       ||   825
       Storm dragon scal |       |       |       |       |       |       |   489 |   144 ||   633
       Gold dragon scale |       |       |       |       |       |       |       |   324 ||   324
Dodge: Dodged            |    71 |    44 |   109 |   237 |   452 |   402 |   372 |   181 ||  1868
Block: Shield            |       |       |       |   313 |   859 |  1374 |  1378 |   463 ||  4387
       Reflection        |       |       |       |       |    28 |   196 |    83 |    30 ||   337
       Large shield      |       |       |       |       |       |       |       |   624 ||   624
